 Dungeon Crawl Stone Soup version 0.28.0-43-g3370ac3207 (webtiles) character file.

Game seed: 9055359233661322487

7429 GreyFruit the Fighter (level 10, -3/89 HPs)
             Began as a Black Draconian Transmuter on Mar 15, 2022.
             Was a Follower of Makhleb.
             Slain by a thrashing horror (6 damage)
             ... on level 2 of the Abyss on Mar 16, 2022.
             The game lasted 00:47:29 (12820 turns).

GreyFruit the Fighter (Black Draconian Transmuter) Turns: 12820, Time: 00:47:30

Health: -3/89      AC: 11    Str: 15    XL:     10   Next: 93%
Magic:  20/20      EV: 21    Int: 13    God:    Makhleb [*.....]
Gold:   505        SH:  0    Dex: 22    Spells: 13/23 levels left

rFire   + . .      SeeInvis +   s - +2 dagger (holy)
rCold   . . .      Faith    .   (no shield)
rNeg    + . .      Spirit   .   (armour unavailable)
rPois   +          Reflect  .   (helmet restricted)
rElec   +          Harm     .   c - +2 ratskin cloak {*Rats rPois rN+ Str-1 Int-1 Dex+1}
rCorr   .          Rampage  .   A - +0 pair of gloves
Will    .....                   (no boots)
Stlth   ++........              G - amulet of Mited {rPois Will- Regen+ Dex+9 SInv}
HPRegen 0.00/turn               x - +4 ring of evasion
MPRegen 0.17/turn               D - ring of protection from fire

@: sick
A: breathe lightning, AC +7, unfitting armour, electricity resistance,
cold-blooded
a: Breathe Lightning, Renounce Religion


You were on level 2 of the Abyss.
You worshipped Makhleb.
Makhleb was aware of your devotion.
You visited 2 branches of the dungeon, and saw 10 of its levels.
You visited the Abyss 1 time.
You also visited: Ossuary.

You collected 505 gold pieces.

Inventory:

Hand Weapons
 i - a +4 dagger of draining
 s - a +2 dagger of holy wrath (weapon)
Armour
 c - the +2 ratskin cloak (worn) {*Rats rPois rN+ Str-1 Int-1 Dex+1}
   (You found it on level 5 of the Dungeon)

   When the wearer is hurt, rats may emerge from it to assist them.
   Str:       It affects your strength (-1).
   Int:       It affects your intelligence (-1).
   Dex:       It affects your dexterity (+1).
   rPois:     It protects you from poison.
   rN:        It protects you from negative energy.
 A - a +0 pair of gloves (worn)
Jewellery
 x - a +4 ring of evasion (left hand)
 D - a ring of protection from fire (right hand)
 F - a ring of positive energy
 G - the amulet of Mited (around neck) {rPois Will- Regen+ Dex+9 SInv}
   (You found it on level 7 of the Dungeon)

   [amulet of regeneration]

   Dex:       It affects your dexterity (+9).
   rPois:     It protects you from poison.
   SInv:      It lets you see invisible.
   Regen:     It increases your rate of health regeneration.
   Will:      It decreases your willpower.
Wands
 n - a wand of mindburst (15)
 I - a wand of acid (7)
Scrolls
 d - 4 scrolls of enchant armour
 j - a scroll of fear
 l - a scroll of magic mapping
 m - 3 scrolls of immolation
 p - a scroll of amnesia
 q - a scroll of identify
 u - a scroll of holy word {unknown}
 y - 3 scrolls of blinking {unknown}
 z - 2 scrolls of fog {unknown}
 B - a scroll of noise {unknown}
 H - 2 scrolls of enchant weapon {unknown}
 K - 2 scrolls of vulnerability {unknown}
Potions
 a - 8 potions of curing {unknown}
 b - 2 potions of lignification {unknown}
 e - 5 potions of degeneration {unknown}
 f - 3 potions of might {unknown}
 g - 2 potions of flight {unknown}
 h - 2 potions of cancellation {unknown}
 k - 2 potions of mutation {unknown}
 o - 2 potions of heal wounds {unknown}
 t - 2 potions of berserk rage
 v - a potion of ambrosia {unknown}
 w - a potion of resistance {unknown}
 C - a potion of invisibility {unknown}
 E - 2 potions of magic {unknown}
 J - 2 potions of attraction {unknown}


   Skills:
 + Level 8.3 Fighting
 + Level 7.1 Dodging
 + Level 8.1 Unarmed Combat
 + Level 7.2 Spellcasting
 + Level 6.9 Transmutations
 - Level 3.3 Ice Magic


You had 13 spell levels left.
You knew the following spells:

 Your Spells              Type           Power      Damage    Failure   Level
a - Beastly Appendage     Tmut           44%        N/A       1%          1
b - Spider Form           Tmut/Pois      13%        N/A       11%         3
c - Wereblood             Tmut           22%        N/A       1%          2
d - Ice Form              Ice/Tmut       18%        N/A       19%         4

Your spell library contained the following spells:

 Spells                   Type           Power      Damage    Failure   Level
 Blink                    Tloc           8%         N/A       22%         2
 Lesser Beckoning         Tloc           4%         N/A       41%         3
 Manifold Assault         Tloc           4%         N/A       99%         5


Dungeon Overview and Level Annotations

Branches:
Dungeon (9/15)             Temple (1/1) D:6            Lair (0/6) D:9
Ossuary (visited)
    Orc: D:9-12

Altars:
Ashenzari
Cheibriados
Dithmenos
Elyvilon
Fedhas
Gozag
Hepliaklqana
Kikubaaqudgha
Makhleb
Nemelex Xobeh
Okawaru
Qazlal
Ru
Sif Muna
Trog
Uskayaw
Vehumet
Wu Jian
Xom
The Shining One

Shops:
D:7 *

Annotations:
D:9 Erolcha


Innate Abilities, Weirdness & Mutations

You can breathe wild blasts of lightning.
Your glossy black scales are hard. (AC +7)
You cannot fit into any form of body armour.
You are resistant to electric shocks. (rElec)
You are cold-blooded and may be slowed by cold attacks.


Message History

The thrashing horror tramples you.
* * * LOW HITPOINT WARNING * * *
You stumble backwards!
A large abomination comes into view.
The thrashing horror completely misses you.
The thrashing horror tramples you but does no damage.
The thrashing horror closely misses you. x2
A raiju comes into view.
The thrashing horror roars!
The raiju barks!
The thrashing horror tramples you.
* * * LOW HITPOINT WARNING * * *
You stumble backwards!
The thrashing horror roars!
The thrashing horror tramples you.
* * * LOW HITPOINT WARNING * * *
You hold your ground!
The thrashing horror tramples you but does no damage.
You hit the raiju.
The raiju is lightly wounded.
The thrashing horror barely misses you. x2; The raiju completely misses you.
The thrashing horror roars!
The thrashing horror tramples you.
* * * LOW HITPOINT WARNING * * *
You stumble backwards!
The raiju bursts into living lightning!
The living lightning misses you.
The raiju blinks!
The thrashing horror closely misses you.
The thrashing horror tramples you.
* * * LOW HITPOINT WARNING * * *
You hold your ground!
The thrashing horror tramples you but does no damage.
The thrashing horror closely misses you.
The small abomination completely misses you.
The small abomination closely misses you.
The small abomination barely misses you.
The small abomination barely misses you.
The thrashing horror completely misses you.
The thrashing horror barely misses you. The thrashing horror tramples you.
You die...

#.#4...#..
##.4....#...
#..#..##.. ..
#####.............
##..##..#..##....
#...#.#...#......
#.xh...#.#.....
#.#X...###....
#.@####.....#.
##......#..
.#.##...#.# .. ..
..# . .## #.. .#
.#. .. #... ..
....


You could see a thrashing horror, an ice devil and a raiju.

Vanquished Creatures
  3 death yaks (D:8)
  Pikel (D:4)
  A shadow (D:9)
  2 wyverns
  A steam dragon (D:8)
  6 yaks
  A neqoxec (Abyss:2)
  A chaos spawn (Abyss:2)
  Edmund (D:4)
  Duvessa (D:4)
  An ice beast (D:8)
  An orc warrior (D:9)
  A hornet zombie (Ossuary)
  2 black bears
  2 sky beasts (D:7)
  An ogre (D:6)
  2 centaurs
  2 lemures (D:4)
  2 bullfrogs
  A kobold brigand (D:6)
  A wyvern zombie (Ossuary)
  A scorpion (D:5)
  3 water moccasin zombies
  Dowan (D:4)
  5 wights
  4 howler monkeys
  8 centaur zombies
  3 bullfrog zombies (Ossuary)
  3 hounds
  2 centaur skeletons
  2 orc priests
  A bullfrog skeleton (D:7)
  16 mummies (Ossuary)
  An orc wizard (D:8)
  6 hell rats
  A scorpion zombie (D:5)
  2 killer bee zombies (Ossuary)
  8 gnolls
  11 adders
  A howler monkey skeleton (D:7)
  18 river rats
  A shadow imp (D:7)
  An adder skeleton (D:5)
  3 worms
  2 dart slugs
  21 orcs
  3 bats
  7 endoplasms
  5 giant cockroaches
  6 goblins
  10 hobgoblins
  3 jackals (D:2)
  4 quokkas
  7 ball pythons
  7 frilled lizards
  10 kobolds
  5 rats
  2 rat zombies (D:6)
  A lurking horror (Abyss:2)
229 creatures vanquished.

Vanquished Creatures (collateral kills)
  An ogre (D:6)
  A centaur (D:6)
  A wight (D:6)
  3 mummies (Ossuary)
  An ufetubus (D:6)
7 creatures vanquished.

Vanquished Creatures (others)
  16 starspawn tentacles (Abyss:2)
  9 withered plants (Ossuary)
25 creatures vanquished.

Grand Total: 261 creatures vanquished

Notes
Turn   | Place    | Note
-------+----------+-------------------------------------------
     0 | D:1      | GreyFruit the Draconian Transmuter began the quest for the
                  | Orb.
     0 | D:1      | Reached XP level 1. HP: 16/16 MP: 3/3
   358 | D:1      | Found a faded altar of an unknown god.
   671 | D:1      | Reached XP level 2. HP: 23/23 MP: 3/5
  1325 | D:2      | Reached XP level 3. HP: 23/29 MP: 4/6
  1649 | D:2      | Reached XP level 4. HP: 25/36 MP: 5/7
  1791 | D:2      | Learned a level 3 spell: Spider Form
  1794 | D:2      | Learned a level 2 spell: Wereblood
  3369 | D:3      | Reached XP level 5. HP: 39/42 MP: 7/9
  3752 | D:3      | Noticed a black bear
  3763 | D:3      | Killed a black bear
  3991 | D:4      | Noticed Edmund
  4260 | D:4      | Reached XP level 6. HP: 48/51 MP: 8/10
  4338 | D:4      | You fall into a shaft and drop 1 floor!
  4338 | D:5      | Entered Level 5 of the Dungeon
  4585 | D:5      | Found a snail-covered altar of Cheibriados.
  4591 | D:5      | Found a glowing golden altar of the Shining One.
  4944 | D:5      | Found a hide-covered altar of Uskayaw.
  4979 | D:4      | Noticed Pikel
  5548 | D:5      | Your scales start taking on a glossy black colour.
  5548 | D:5      | Reached XP level 7. HP: 39/58 MP: 12/12
  5548 | D:5      | Gained mutation: You are resistant to electric shocks.
                  | (rElec) [Black Draconian growth]
  5690 | D:5      | Identified the +0 ring mail of the Robin {rPois}
  6912 | D:5      | Found the +2 ratskin cloak {*Rats rPois rN+ Str-1 Int-1
                  | Dex+1}
  7049 | D:4      | Killed Pikel
  7050 | D:4      | Reached skill level 5 in Unarmed Combat
  7050 | D:4      | Reached XP level 8. HP: 25/67 MP: 11/14
  7431 | D:4      | Killed Edmund
  7432 | D:4      | Reached skill level 5 in Fighting
  7432 | D:4      | Reached skill level 5 in Transmutations
  7671 | D:4      | Noticed Duvessa
  7671 | D:4      | Noticed Dowan
  7705 | D:4      | Killed Duvessa
  7973 | D:4      | Killed Dowan
  8132 | D:6      | Found an ancient bone altar of Kikubaaqudgha.
  8153 | D:6      | Reached skill level 5 in Spellcasting
  8157 | D:6      | Found a sand-covered staircase.
  8180 | Ossuary  | Entered an ossuary
  8215 | Ossuary  | Reached skill level 5 in Dodging
  8227 | Ossuary  | Reached XP level 9. HP: 53/75 MP: 16/16
  9352 | D:6      | Found a staircase to the Ecumenical Temple.
  9361 | Temple   | Entered the Ecumenical Temple
  9430 | Temple   | Became a worshipper of Makhleb the Destroyer
 10154 | D:6      | Reached * piety under Makhleb
 10217 | D:7      | Found Ytyogisi's CLEARANCE SALE!.
 10379 | D:7      | Learned a level 4 spell: Ice Form
 10692 | D:7      | Identified the amulet of Mited {rPois Will- Regen+ Dex+9
                  | SInv}
 10859 | D:7      | Reached skill level 1 in Ice Magic
 10953 | D:8      | Found a shadowy altar of Dithmenos.
 11301 | D:8      | Reached XP level 10. HP: 74/86 MP: 19/19
 11678 | D:9      | Noticed a death yak
 11678 | D:9      | Noticed a death yak
 11682 | D:9      | Noticed a death yak
 11739 | D:9      | Found a staircase to the Lair.
 11847 | D:9      | Noticed a cyclops
 11959 | D:8      | Killed a death yak
 12037 | D:8      | Killed a death yak
 12107 | D:8      | Killed a death yak
 12252 | D:9      | Found an iron altar of Okawaru.
 12252 | D:9      | Found a bloodstained altar of Trog.
 12324 | D:9      | Noticed Erolcha
 12340 | D:9      | Cast into level 1 of the Abyss (Erolcha)
 12340 | Abyss:1  | Found a corrupted altar of Lugonu.
 12395 | Abyss:1  | Noticed a glowing orange brain
 12407 | Abyss:1  | Found a corrupted altar of Lugonu.
 12490 | Abyss:1  | Noticed a starcursed mass
 12504 | Abyss:2  | Noticed a quicksilver dragon
 12626 | Abyss:2  | Noticed a tentacled starspawn
 12632 | Abyss:2  | Noticed a tentacled starspawn
 12636 | Abyss:2  | Noticed a daeva
 12652 | Abyss:2  | Found a corrupted altar of Lugonu.
 12711 | Abyss:2  | Noticed a tentacled starspawn
 12750 | Abyss:2  | Noticed a smoke demon
 12764 | Abyss:2  | Found a hazy altar of Hepliaklqana.
 12784 | Abyss:2  | Noticed a thrashing horror
 12784 | Abyss:2  | Noticed a smoke demon
 12805 | Abyss:2  | HP: 3/89 [thrashing horror (4)]
 12820 | Abyss:2  | Slain by a thrashing horror

Illustrated notes

Levels and vault maps discovered:
D:1:      sevenhm_arrival_forest_fort_large_4, layout_basic,
          ebering_ecumenical_altar_hall
D:2:      layout_basic, st_stairs_9
D:3:      layout_basic
D:4:      layout_basic, kennysheep_generic_room_7, uniq_edmund, uniq_duvessa,
          uniq_pikel
D:5:      wander_guarded_unrand_ratskin, layout_rooms,
          overflow_temple_1_default, mainiacjoe_overflow_catwalk_spiral,
          minmay_stone_trees_medium, kennysheep_nub, grunt_ministairs_7
D:6:      layout_rooms, overflow_temple_1_default,
          minmay_temple_entry_proselytizer, enter_ossuary_4,
          grunt_decor_one_mirror, minivault_14
D:7:      layout_gridville, nicolae_shop_clearance
D:8:      layout_basic, grunt_dithmenos_smoke
D:9:      layout_roguey, grunt_temple_overflow_bloody_war,
          mainiacjoe_overflow_brackets, dpeg_lair_monsters, uniq_erolcha
Temple:   cyrus_circular_temple
Abyss:2:  base: D:2, base: D:9, evilmike_abyss_exit_5, evilmike_abyss_exit_5,
          bh_abyss_exit_grid, hangedman_elemental_corridor, bh_abyss_exit_grid,
          evilmike_abyss_exit_1, evilmike_abyss_exit_13,
          hangedman_abyss_river_spirits

Skill      XL: |  1  2  3  4  5  6  7  8  9 10 |
---------------+-------------------------------+-----
Dodging        | 2 3 4 5 6 7 |  7.1
Fighting       | 2 3 4 5 7 8 |  8.3
Spellcasting   | 3 4 5 6 7 |  7.2
Transmutations | 3 4 5 6 |  6.9
Unarmed Combat | 4 5 6 7 8 |  8.1
Ice Magic      | 1 3 |  3.3

Action                   |  1- 3 |  4- 6 |  7- 9 | 10-12 || total
-------------------------+-------+-------+-------+-------++-------
Melee: Unarmed           |    64 |    56 |    41 |    97 ||   258
       Kick              |    15 |    40 |   102 |    18 ||   175
       Headbutt          |    10 |    24 |    72 |    10 ||   116
       Tailslap          |     3 |    22 |    59 |     4 ||    88
       Dagger            |       |   123 |   378 |    40 ||   541
       Punch             |       |     7 |    16 |     2 ||    25
 Cast: Beastly Appendage |    20 |    48 |    54 |     5 ||   127
       Spider Form       |       |     1 |     8 |    16 ||    25
       Wereblood         |       |       |     3 |     2 ||     5
 Abil: Breathe Lightning |       |       |    10 |     1 ||    11
  Use: Scroll            |       |     1 |     7 |     1 ||     9
 Stab: Sleeping          |       |     2 |     1 |       ||     3
       Distracted        |       |       |     1 |       ||     1
Armor: Skin              |    27 |    55 |    97 |    23 ||   202
Dodge: Dodged            |    32 |   122 |   313 |   215 ||   682
